PL
DETROIT RENAISSANCE @ WIZARDING EXPRESS
09/17/2027
 
TOP OF THE 1ST
Detroit Renaissance batting - Pitching for Wizarding Express : LHP Charles Dobson
Pitching: LHP Charles Dobson
Batting: LHB Yoichibei Sato 0-0: Called Strike
0-1: Ball
1-1: Swinging Strike
1-2: DOUBLE (Line Drive, 7LM)
Batting: RHB Bernardo Herrera 0-0: Ball
1-0: Ball
2-0: Called Strike
2-1: Ball
3-1: Base on Balls
Batting: RHB Brent Ryan 0-0: Called Strike
0-1: Swinging Strike
0-2: Strikes out looking
Batting: SHB Valentín Guzmán 0-0: Called Strike
0-1: Ball
1-1: Grounds into double play, 6-4-3 (Groundball, 6)
Top of the 1st over - 0 run(s), 1 hit(s), 0 error(s), 1 left on base; Detroit 0 - Wizarding 0
BOTTOM OF THE 1ST
Wizarding Express batting - Pitching for Detroit Renaissance : RHP Bruce Wright
Pitching: RHP Bruce Wright
Batting: RHB António Martínez 0-0: Ball
1-0: Swinging Strike
1-1: Ball
2-1: Ground out 1-3 (Groundball, 13)
Batting: RHB Rafael Arredondo 0-0: Foul Ball, location: 2F
0-1: Swinging Strike
0-2: Ball
1-2: Fly out, F5 (Popup, 5S)
Batting: SHB Salvador Trevino 0-0: Ground out U3 (Groundball, 3S)
Bottom of the 1st over - 0 run(s), 0 hit(s), 0 error(s), 0 left on base; Detroit 0 - Wizarding 0
TOP OF THE 2ND
Detroit Renaissance batting - Pitching for Wizarding Express : LHP Charles Dobson
Batting: RHB Enrique Pérez 0-0: Swinging Strike
0-1: Ball
1-1: Ball
2-1: Called Strike
2-2: Strikes out swinging
Batting: LHB Ray Sears 0-0: Swinging Strike
0-1: Ball
1-1: Ball
2-1: Ball
3-1: Ground out 6-3 (Groundball, 6)
Batting: RHB Lonnie Conrad 0-0: Ball
1-0: Called Strike
1-1: Swinging Strike
1-2: SINGLE (Line Drive, 56D)
Batting: RHB Alex Maxwell 0-0: SINGLE (Groundball, 6MD)
Lonnie Conrad to second
Batting: RHB Kyle Bywaters 0-0: Called Strike
0-1: Ball
1-1: Ball
2-1: Ball
3-1: Fielders Choice at 2nd, 6-4 (Groundball, 6)
Top of the 2nd over - 0 run(s), 2 hit(s), 0 error(s), 1 left on base; Detroit 0 - Wizarding 0
BOTTOM OF THE 2ND
Wizarding Express batting - Pitching for Detroit Renaissance : RHP Bruce Wright
Batting: LHB Nathan Tanner 0-0: Ball
1-0: Swinging Strike
1-1: Ball
2-1: Ball
3-1: Base on Balls
Batting: LHB John Brewer 0-0: Called Strike
Nathan Tanner steals 2nd base
0-1: Foul Ball, location: 2F
0-2: SINGLE (Groundball, 34D)
Nathan Tanner to third
Runner from 3rd tries for Home, SAFE, no throw
Batting: LHB António Boccanegra 0-0: Ball
1-0: Ball
2-0: Ground out 4-3 (Groundball, 4M)
John Brewer to second
Batting: LHB Kyung-chor Pang 0-0: Ball
1-0: Ball
2-0: Swinging Strike
2-1: Ball
3-1: Called Strike
3-2: Base on Balls
Batting: LHB José Corona 0-0: Ball
1-0: Foul Ball, location: 2F
1-1: Called Strike
1-2: Foul Ball, location: 2F
1-2: Strikes out looking
Batting: SHB Emílio Gonzáles 0-0: Swinging Strike
0-1: Ground out U3 (Groundball, 3)
Bottom of the 2nd over - 1 run(s), 1 hit(s), 0 error(s), 2 left on base; Detroit 0 - Wizarding 1
TOP OF THE 3RD
Detroit Renaissance batting - Pitching for Wizarding Express : LHP Charles Dobson
Batting: LHB Yoichibei Sato 0-0: DOUBLE (Flyball, 8LXD)
Batting: RHB Bernardo Herrera 0-0: Called Strike
0-1: Swinging Strike
0-2: Strikes out swinging
Batting: RHB Brent Ryan 0-0: Ball
1-0: Fly out, F7 (Line Drive, 7)
Batting: SHB Valentín Guzmán 0-0: Ball
1-0: Ball
2-0: Ground out 6-3 (Groundball, 6)
Top of the 3rd over - 0 run(s), 1 hit(s), 0 error(s), 1 left on base; Detroit 0 - Wizarding 1
BOTTOM OF THE 3RD
Wizarding Express batting - Pitching for Detroit Renaissance : RHP Bruce Wright
Batting: RHB António Martínez 0-0: Called Strike
0-1: SINGLE (Line Drive, 6D)
Batting: RHB Rafael Arredondo 0-0: Ball
1-0: Foul Ball, location: 2F
1-1: Ball
2-1: Called Strike
2-2: Strikes out swinging
Batting: SHB Salvador Trevino 0-0: Called Strike
0-1: Ground out U3 (Groundball, 2R)
António Martínez to second
Batting: LHB Nathan Tanner 0-0: Ball
1-0: Called Strike
1-1: Foul Ball, location: 2F
1-2: Ball
2-2: Fly out, F9 (Flyball, 9)
Bottom of the 3rd over - 0 run(s), 1 hit(s), 0 error(s), 1 left on base; Detroit 0 - Wizarding 1
TOP OF THE 4TH
Detroit Renaissance batting - Pitching for Wizarding Express : LHP Charles Dobson
Batting: RHB Enrique Pérez 0-0: Called Strike
0-1: Ball
1-1: Fly out, F6 (Line Drive, 6)
Batting: LHB Ray Sears 0-0: Swinging Strike
0-1: Swinging Strike
0-2: Ball
1-2: Ball
2-2: Foul Ball, location: 2F
2-2: Ball
3-2: Strikes out swinging
Batting: RHB Lonnie Conrad 0-0: Ground out 5-3 (Groundball, 5S)
Top of the 4th over - 0 run(s), 0 hit(s), 0 error(s), 0 left on base; Detroit 0 - Wizarding 1
BOTTOM OF THE 4TH
Wizarding Express batting - Pitching for Detroit Renaissance : RHP Bruce Wright
Batting: LHB John Brewer 0-0: Ball
1-0: Swinging Strike
1-1: Swinging Strike
1-2: Foul Ball, location: 2F
1-2: Ball
2-2: Foul Ball, location: 2F
2-2: Ball
3-2: Fly out, F9 (Flyball, 9)
Batting: LHB António Boccanegra 0-0: Called Strike
0-1: Called Strike
0-2: Ball
1-2: Ball
2-2: Ground out U3 (Groundball, 3)
Batting: LHB Kyung-chor Pang 0-0: Called Strike
0-1: Foul Ball, location: 2F
0-2: Ball
1-2: Ball
2-2: Strikes out swinging
Bottom of the 4th over - 0 run(s), 0 hit(s), 0 error(s), 0 left on base; Detroit 0 - Wizarding 1
TOP OF THE 5TH
Detroit Renaissance batting - Pitching for Wizarding Express : LHP Charles Dobson
Batting: RHB Alex Maxwell 0-0: Ball
1-0: Ball
2-0: Ball
3-0: Called Strike
3-1: Base on Balls
Batting: RHB Kyle Bywaters 0-0: Bunted foul
0-1: Ball
1-1: Bunted foul
1-2: Fly out, F2 (Popup, 13S)
Batting: LHB Yoichibei Sato 0-0: Ball
Alex Maxwell steals 2nd base
1-0: Ground out 4-3 (Groundball, 34)
Alex Maxwell to third
Batting: RHB Bernardo Herrera 0-0: Ground out 3-1 (Groundball, 23)
Top of the 5th over - 0 run(s), 0 hit(s), 0 error(s), 1 left on base; Detroit 0 - Wizarding 1
BOTTOM OF THE 5TH
Wizarding Express batting - Pitching for Detroit Renaissance : RHP Bruce Wright
Pitching: RHP José Juárez
Batting: LHB José Corona 0-0: Ball
1-0: Ball
2-0: Ball
3-0: Called Strike
3-1: Called Strike
3-2: Ground out 6-3 (Groundball, 6M)
Batting: SHB Emílio Gonzáles 0-0: Ball
1-0: Swinging Strike
1-1: Ball
2-1: Swinging Strike
2-2: Ball
3-2: Ground out 4-3 (Groundball, 4)
Batting: RHB António Martínez 0-0: Foul Ball, location: 2F
0-1: Ball
1-1: Ground out 4-3 (Groundball, 4M)
Bottom of the 5th over - 0 run(s), 0 hit(s), 0 error(s), 0 left on base; Detroit 0 - Wizarding 1
TOP OF THE 6TH
Detroit Renaissance batting - Pitching for Wizarding Express : LHP Charles Dobson
Batting: RHB Brent Ryan 0-0: Foul Ball, location: 2F
0-1: SINGLE (Line Drive, 6D)
Batting: SHB Valentín Guzmán 0-0: Foul Ball, location: 2F
0-1: Ball
1-1: Swinging Strike
1-2: Ball
2-2: Strikes out swinging
Batting: RHB Enrique Pérez 0-0: Ball
1-0: Ball
Brent Ryan steals 2nd base
2-0: Called Strike
2-1: Ball
3-1: Base on Balls
Batting: LHB Ray Sears 0-0: Foul Ball, location: 2F
0-1: Swinging Strike
0-2: Fly out, F9 (Flyball, 9)
Runner from 2nd tags up, OUT at 3rd
Top of the 6th over - 0 run(s), 1 hit(s), 0 error(s), 1 left on base; Detroit 0 - Wizarding 1
BOTTOM OF THE 6TH
Wizarding Express batting - Pitching for Detroit Renaissance : RHP José Juárez
Batting: RHB Rafael Arredondo 0-0: Ball
1-0: Swinging Strike
1-1: Fly out, F5 (Popup, 5S)
Batting: SHB Salvador Trevino 0-0: Foul Ball, location: 2F
0-1: Called Strike
0-2: Ball
1-2: Hit by Pitch
Batting: LHB Nathan Tanner 0-0: Called Strike
Salvador Trevino is caught stealing 2nd base
0-1: Swinging Strike
0-2: Ball
1-2: Ball
2-2: Ball
3-2: SINGLE (Line Drive, 6M)
Batting: LHB John Brewer 0-0: Ball
1-0: Called Strike
1-1: Foul Ball, location: 2F
1-2: Strikes out looking
Bottom of the 6th over - 0 run(s), 1 hit(s), 0 error(s), 1 left on base; Detroit 0 - Wizarding 1
TOP OF THE 7TH
Detroit Renaissance batting - Pitching for Wizarding Express : LHP Charles Dobson
Batting: RHB Lonnie Conrad 0-0: Foul Ball, location: 2F
0-1: Fly out, F8 (Flyball, 8RXD)
Batting: RHB Alex Maxwell 0-0: Ball
1-0: Ball
2-0: Ball
3-0: Called Strike
3-1: Called Strike
3-2: Foul Ball, location: 2F
3-2: Strikes out swinging
Batting: RHB Kyle Bywaters 0-0: Ball
1-0: Foul Ball, location: 2F
1-1: Ball
2-1: SINGLE (Line Drive, 4D)
Pitching: LHP Ming-jiang Wu
Pinch Hitting: RHB Ed Whitaker 0-0: Called Strike
0-1: Ball
1-1: Foul Ball, location: 2F
1-2: Foul Ball, location: 2F
1-2: Ball
2-2: Foul Ball, location: 2F
2-2: Ground out 5-3 (Groundball, 56S)
Top of the 7th over - 0 run(s), 1 hit(s), 0 error(s), 1 left on base; Detroit 0 - Wizarding 1
BOTTOM OF THE 7TH
Wizarding Express batting - Pitching for Detroit Renaissance : RHP José Juárez
Now in LF: Ed Whitaker
Batting: LHB António Boccanegra 0-0: Foul Ball, location: 2F
0-1: Foul Ball, location: 2F
0-2: Ball
1-2: SINGLE (Groundball, 34) (infield hit)
Batting: LHB Kyung-chor Pang 0-0: Sac Bunt - play at second, runner OUT! 1-6
Batting: LHB José Corona 0-0: Fielders Choice at 2nd, 6-4 (Groundball, 6)
Batting: SHB Emílio Gonzáles 0-0: Ball
José Corona is caught stealing 2nd base
Bottom of the 7th over - 0 run(s), 1 hit(s), 0 error(s), 0 left on base; Detroit 0 - Wizarding 1
TOP OF THE 8TH
Detroit Renaissance batting - Pitching for Wizarding Express : LHP Ming-jiang Wu
Pitching: RHP Enrico Reséndez
Batting: RHB Bernardo Herrera 0-0: Ball
1-0: Foul Ball, location: 2F
1-1: Ball
2-1: Fly out, F7 (Line Drive, 7D)
Pitching: RHP Travis Carson
Batting: RHB Brent Ryan 0-0: Fly out, F7 (Flyball, 7S)
Batting: SHB Valentín Guzmán 0-0: Called Strike
0-1: Foul Ball, location: 2F
0-2: Ball
1-2: Foul Ball, location: 2F
1-2: Strikes out swinging
Top of the 8th over - 0 run(s), 0 hit(s), 0 error(s), 0 left on base; Detroit 0 - Wizarding 1
BOTTOM OF THE 8TH
Wizarding Express batting - Pitching for Detroit Renaissance : RHP José Juárez
Batting: SHB Emílio Gonzáles 0-0: Called Strike
0-1: Ball
1-1: Ground out 4-3 (Groundball, 4)
Batting: RHB António Martínez 0-0: Ball
1-0: Ball
2-0: Ball
3-0: Base on Balls
Batting: RHB Rafael Arredondo 0-0: Ball
1-0: Ball
2-0: SINGLE (Flyball, 8LS)
António Martínez to second
Runner from 2nd tries for 3rd, SAFE, no throw
Batting: SHB Salvador Trevino 0-0: Called Strike
0-1: Ball
1-1: Ball
2-1: Swinging Strike
2-2: Ball
Rafael Arredondo steals 2nd base
3-2: Foul Ball, location: 2F
3-2: Foul Ball, location: 2F
3-2: Foul Ball, location: 2F
3-2: Foul Ball, location: 2F
3-2: Foul Ball, location: 2F
3-2: SINGLE (Line Drive, 8LS)
António Martínez scores
Rafael Arredondo to third
Runner from 3rd tries for Home, SAFE, no throw
Batting: LHB Nathan Tanner 0-0: Fly out, F7 (Line Drive, 7)
Batting: LHB John Brewer 0-0: Foul Ball, location: 2F
0-1: Foul Ball, location: 2F
0-2: Foul Ball, location: 2F
0-2: Ball
1-2: Strikes out swinging
Bottom of the 8th over - 2 run(s), 2 hit(s), 0 error(s), 1 left on base; Detroit 0 - Wizarding 3
TOP OF THE 9TH
Detroit Renaissance batting - Pitching for Wizarding Express : RHP Travis Carson
Pitching: RHP Frank Morse
Batting: RHB Enrique Pérez 0-0: Ball
1-0: Ball
2-0: Foul Ball, location: 2F
2-1: Swinging Strike
2-2: Foul Ball, location: 2F
2-2: Foul Ball, location: 2F
2-2: Ball
3-2: Fly out, F8 (Flyball, 8RS)
Batting: LHB Ray Sears 0-0: Ball
1-0: Foul Ball, location: 2F
1-1: SINGLE (Flyball, 89M)
Batting: RHB Lonnie Conrad 0-0: Ball
1-0: Ball
2-0: Grounds into double play, 6-4-3 (Groundball, 6)
Top of the 9th over - 0 run(s), 1 hit(s), 0 error(s), 0 left on base; Detroit 0 - Wizarding 3
Saturday, May 26th, 2018 - OOTP Baseball 17.12 Build 75